 Dungeon Crawl Stone Soup version 0.30-a0-2-gf48d83f5e2 (webtiles) character file.

Game seed: 7338233617082351496

18 kae the Firebug (level 2, 0/15 HPs)
             Began as a Deep Elf Fire Elementalist on Aug 19, 2022.
             Slain by a jackal (3 damage)
             ... on level 1 of the Dungeon.
             The game lasted 00:00:35 (583 turns).

kae the Firebug (Deep Elf Fire Elementalist)         Turns: 583, Time: 00:00:36

Health: 0/15       AC:  3    Str:  5    XL:     2   Next: 48%
Magic:  8/8        EV: 12    Int: 19    God:
Gold:   20         SH:  0    Dex: 15    Spells: 6/7 levels left

rFire   . . .      SeeInvis .    (no weapon)
rCold   . . .      Faith    .    (no shield)
rNeg    . . .      Spirit   .    a - +1 robe
rPois   .          Reflect  .    (no helmet)
rElec   .          Harm     .    (no cloak)
rCorr   .          Rampage  .    (no gloves)
Will    .....                    (no boots)
Stlth   ++........               (no amulet)
HPRegen 0.05/turn                (no ring)
MPRegen 0.11/turn                (no ring)

@: flying
A: no striking features
a: no special abilities


You were on level 1 of the Dungeon.
You visited 1 branch of the dungeon, and saw 1 of its levels.

You collected 20 gold pieces.


   Skills:
 - Level 2.4 Dodging
 - Level 2.4 Stealth
 + Level 3.3 Spellcasting
 * Level 2.0 Conjurations
 * Level 3.7 Fire Magic


You had 6 spell levels left.
You knew the following spells:

 Your Spells              Type           Power      Damage    Failure   Level
a - Foxfire               Conj/Fire      56%        2x1d6     4%          1

Your spell library contained the following spells:

 Spells                   Type           Power      Damage    Failure   Level
 Scorch                   Fire           34%        2d6       4%          2
 Conjure Flame            Conj/Fire      14%        6-21      14%         3
 Inner Flame              Hex/Fire       10%        N/A       21%         3
 Flame Wave               Conj/Fire      14%        2d6       41%         4

Inventory:

Missiles
 c - 9 stones
Armour
 a - a +1 robe (worn)
Potions
 b - a potion of magic

Dungeon Overview and Level Annotations

Branches:
Dungeon (1/15) Zot: 5416

Altars:

..........)..#######..##..####...
#........###...########.##.##.###
#........# ###...#....#.#.####.##
#........# ###.#.##.#.##..##.##
#........# #...##..####....#.
########## #.#.##.##..####.#.
#.#....# #....## #h###### ######
#@hhhg.# ######.# #.# #h. #h.#
#?## #h. .g. ...


You could see 4 jackals and a hobgoblin.


Message History

Casting: Foxfire (safe; 4% risk of failure)
Confirm with . or Enter, or press ? or * to list all spells.
You conjure some foxfire!
The quokka misses you. The quokka closely misses you.
The foxfire hits the quokka. x2
You kill the quokka!
Your magical contamination has completely faded away. 😎 MP[-1]
You lost 1 mp, and now have 4/8 mp.
A giant cockroach is nearby!
Casting: Foxfire (safe; 4% risk of failure)
Confirm with . or Enter, or press ? or * to list all spells.
You conjure some foxfire!
The foxfire hits the giant cockroach. x2
You kill the giant cockroach!
Your Conjurations skill increases to level 2! 😎 MP[-1]
You lost 1 mp, and now have 3/8 mp.
e - a cyan potion
Things that are here:
a +0 club; a goblin corpse 😎 MP[+3]
You regained 3 mp, and now have 6/8 mp.
Things that are here:
a +0 club; a goblin skeleton A jackal comes into view.
Found a scroll labelled OSIT XUERUT.
Found a stone staircase leading down. 😎 MP[+2]
Your mp is fully restored (8).
A jackal is nearby!
A jackal is nearby!
The jackal barks!
A jackal comes into view.
A jackal comes into view. x2
Casting: Foxfire (safe; 4% risk of failure)
Confirm with . or Enter, or press ? or * to list all spells.
You conjure some foxfire!
The jackal barks!
The foxfire hits the jackal.
A hobgoblin comes into view. 😎 MP[-1]
You lost 1 mp, and now have 7/8 mp.
There are monsters nearby!
Unknown command.
The jackal attacks as you move away! The jackal bites you.
The jackal closely misses you. 😕 HP[-1]
You take 1 damage, and now have 14/15 hp.
Okay, then.
As you read the scroll labelled GASTIPN WOAQ, it crumbles to dust.
It is a scroll of enchant armour.
Your +0 robe glows green for a moment.
Casting: Foxfire (safe; 4% risk of failure)
Confirm with . or Enter, or press ? or * to list all spells.
You conjure some foxfire!
The jackal barely misses you.
The foxfire hits the jackal.
The jackal closely misses you. x2
Casting: Foxfire (safe; 4% risk of failure)
Confirm with . or Enter, or press ? or * to list all spells.
There is not enough space to conjure foxfire!
Unknown command.
You hit the jackal. The jackal bites you.
The jackal bites you but does no damage. 😕 HP[-2]
You take 2 damage, and now have 12/15 hp.
You barely miss the jackal. The jackal barely misses you.
The jackal bites you but does no damage.
The jackal barely misses you. The jackal misses you.
You hit the jackal but do no damage. The jackal bites you.
The jackal barely misses you. 😮 HP[-1]
You take 1 damage, and now have 11/15 hp.
You hit the jackal but do no damage.
The jackal bites you but does no damage.
The jackal closely misses you.
You closely miss the jackal. The jackal misses you. The jackal bites you. x2
* * * LOW HITPOINT WARNING * * *
The jackal closely misses you. 😨 HP[-5]
You take 5 damage, and now have 6/15 hp.
MASSIVE DAMAGE!! (PAUSE)
You aren't carrying any scrolls.
It was a potion of flight.
You feel very buoyant.
You fly up into the air.
The jackal bites you.
* * * LOW HITPOINT WARNING * * *
The jackal closely misses you. 😨 HP[-1]
You take 1 damage, and now have 5/15 hp.
You hit the jackal. The jackal barely misses you. x2
The jackal closely misses you. The jackal bites you.
* * * LOW HITPOINT WARNING * * *
😱 HP[-2]
You take 2 damage, and now have 3/15 hp.
You hit the jackal but do no damage. The jackal closely misses you. x2
You hit the jackal but do no damage. The jackal barely misses you.
The jackal bites you but does no damage. 😱 MP[+1]
Your mp is fully restored (8).
You barely miss the jackal. The jackal closely misses you.
The jackal bites you.
You die...

Skill      XL: |  1  2 |
---------------+-------+-----
Conjurations   | 2 |  2.0
Dodging        | |  2.4
Stealth        | |  2.4
Spellcasting   | |  3.3
Fire Magic     | |  3.7

Action                   || total
-------------------------++-------
Melee: Unarmed           ||    10
 Cast: Foxfire           ||    25
  Use: Scroll            ||     1
       Potion            ||     1
Armor: Robe              ||     4
Dodge: Dodged            ||    21

Levels and vault maps discovered:
D:1:      dpeg_arrival_signposts, layout_basic

Notes
Turn   | Place    | Note
-------+----------+-------------------------------------------
     0 | D:1      | kae the Deep Elf Fire Elementalist began the quest for the
                  | Orb.
     0 | D:1      | Reached XP level 1. HP: 10/10 MP: 6/6
     0 | D:1      | magus.rc [v1.11.3]
    49 | D:1      | HP: 2/10 [frozen (5)]
   362 | D:1      | Reached XP level 2. HP: 15/15 MP: 5/8
   494 | D:1      | Reached skill level 2 in Conjurations
   580 | D:1      | HP: 3/15 [jackal (2)]
   583 | D:1      | Slain by a jackal

Vanquished Creatures
  4 endoplasms (D:1)
  A giant cockroach (D:1)
  3 goblins (D:1)
  2 kobolds (D:1)
  A quokka (D:1)
  2 ball pythons (D:1)
  A bat (D:1)
  3 rats (D:1)
17 creatures vanquished.

Vanquished Creatures (others)
  42 foxfires (D:1)
42 creatures vanquished.

Grand Total: 59 creatures vanquished

Table legend:
 A = Non-vault XP
 B = Vault XP
 C = Vault XP percentage of total XP
 D = Non-vault monster count
 E = Vault monster count
 F = Vault count percentage of total count
                 A         B        C        D         E       F
            +---------+---------+-------+---------+---------+-------
      Total |      26 |       0 |   0.0 |      17 |       0 |   0.0
            +---------+---------+-------+---------+---------+-------
        D:1 |      26 |       0 |   0.0 |      17 |       0 |   0.0
            +---------+---------+-------+---------+---------+-------

Illustrated notes

Table legend:
 A = Kills in this place as a percentage of kills in entire the game.
 B = Kills by you in this place as a percentage of kills by you in the entire game.
 C = Kills by friends in this place as a percentage of kills by friends in the entire game.
 D = Other kills in this place as a percentage of other kills in the entire game.
 E = Experience gained in this place as a percentage of experience gained in the entire game.
 F = Experience gained in this place divided by the number of levels of this place that you have seen.
                   A       B       C       D       E      F
               +-------+-------+-------+-------+-------+----------------------
         Total | 100.0 | 100.0 |   N/A |   N/A | 100.0 |  26.0
       Dungeon | 100.0 | 100.0 |   N/A |   N/A | 100.0 |  26.0
               +-------+-------+-------+-------+-------+----------------------

Table legend: (Time is in decaauts)
 A = Elapsed time spent in this place.
 B = Non-inter-level travel time spent in this place.
 C = Inter-level travel time spent in this place.
 D = Time resting spent in this place.
 E = Time spent auto-exploring this place.
 F = Levels seen in this place.
 G = Mean time per level.
                   A        B        C        D        E       F      G
               +--------+--------+--------+--------+--------+-----+--------+
         Total |    583 |    583 |      0 |      0 |    480 |   1 |  583.0 |
       Dungeon |    583 |    583 |      0 |      0 |    480 |   1 |  583.0 |
               +--------+--------+--------+--------+--------+-----+--------+

Top non-repeatable levels by time:
     D:1: 583 daAuts
